AoeStats
← [Massa] Edo

Arena

507842470Analyzed
2v2 RM · 11d ago on Sep 19, 2026· 46m 38s· 4 players
Game mode
Random Map
Map size
Medium (4 player)
Population
200
Speed
Normal
Resources
Standard
Victory
Conquest
Starting age
Dark Age
Ending age
Imperial Age
RankedLock teamsTeams togetherTeam positionsShared explorationLock speedFull tech treeHidden civsTurbo modeCheats
Victory
Defeat
🇧🇷 Mongols · Brazil
1495
+14
🇧🇷 Khitans · Brazil
1416
+17
🇨🇴 Wu · Colombia
1505
-18
🇨🇴 Burgundians · Colombia
1384
-13
TVHG.LALO_CAESTA
4:25 Double-Bit Axe
7:18 Wheelbarrow
9:50 Feudal Age
8:28 Horse Collar
11:09 Bow Saw
11:44 Heavy Plow
21:55 Gold Mining
26:36 Town Watch
29:31 Hand Cart
33:16 Castle Age
31:41 Stone Mining
33:08 Scale Barding Armor
34:11 Fletching
34:42 Chain Barding Armor
38:04 Gold Shaft Mining
43:56 Pikeman
44:42 Scale Mail Armor
tomas
9:41 Feudal Age
10:14 Loom
13:58 Castle Age
13:01 Forging
12:52 Scale Mail Armor
13:59 Arson
14:57 Chain Mail Armor
14:45 Town Watch
15:12 Squires
17:58 Wheelbarrow
21:21 Pikeman
31:03 Fletching
31:47 Bodkin Arrow
33:45 Wheelbarrow
38:31 Double-Bit Axe
42:47 Bow Saw
45:07 Masonry
tg
10:28 Feudal Age
15:37 Castle Age
14:07 Double-Bit Axe
14:03 Domestication
14:45 Forging
17:28 Iron Casting
17:11 Bow Saw
25:48 Wheelbarrow
25:39 Loom
27:35 Man-at-Arms
28:00 Gambesons
28:16 Squires
28:18 Scale Mail Armor
28:34 Hand Cart
28:24 Pastoralism
30:06 Gold Mining
31:24 Long Swordsman
33:30 Husbandry
38:38 Hand Cart
40:47 Stone Mining
40:54 Arson
46:27 Imperial Age
44:24 Scale Barding Armor
45:45 Chain Barding Armor
45:40 Chain Mail Armor
46:38 Guard Tower
47:09 Ballistics
46:40 Fletching
47:38 Coinage
47:17 Ordo Cavalry
47:20 Lamellar Armor
47:35 Conscription
[Massa] Edo
9:32 Feudal Age
13:39 Castle Age
12:06 Double-Bit Axe
12:36 Horse Collar
15:00 Bow Saw
16:18 Loom
21:06 Scale Barding Armor
22:50 Bloodlines
24:00 Forging
36:01 Wheelbarrow
45:45 Heavy Plow
45:37 Gold Mining
45:38 Stone Mining
Connection lost

Rejoining the realm…

Still unreachable

The connection could not be restored.

Session expired

The server has moved on; the page needs a fresh start.